 Dungeon Crawl Stone Soup version 0.30-b1-2-g02819fbbbe (webtiles) character file.

Game seed: 3941512286779019787

107 MackTheKnife the Chiller (level 4, 0/39 HPs)
             Began as an Ogre Ice Elementalist on May 20, 2023.
             Slain by an ice beast (14 damage)
             ... on level 3 of the Dungeon.
             The game lasted 00:02:55 (1931 turns).

MackTheKnife the Chiller (Ogre Ice Elementalist)    Turns: 1931, Time: 00:02:55

Health: 0/39       AC:  3    Str: 12    XL:     4   Next: 85%
Magic:  10/10      EV:  9    Int: 18    God:
Gold:   109        SH:  0    Dex:  9    Spells: 4/11 levels left

rFire   . . .        c - +0 club {mace}
rCold   . . .        (no shield)
rNeg    . . .        a - +0 robe
rPois   .            (helmet restricted)
rElec   .            (no cloak)
rCorr   .            (gloves unavailable)
SInv    .            (boots unavailable)
Will    .....        (no amulet)
Stlth   +            (no ring)
HPRegen 0.26/turn    (no ring)
MPRegen 0.12/turn

%: no passive effects
@: confused, brilliant, ambrosia-drunk
A: large, unfitting armour, tough skin 1
a: no special abilities


You were on level 3 of the Dungeon.
You visited 1 branch of the dungeon, and saw 3 of its levels.

You collected 109 gold pieces.


Innate Abilities, Weirdness & Mutations

You are too large for most types of armour.
You have tough skin. (AC +1)


   Skills:
 - Level 1.7 Dodging
 - Level 1.4 Stealth
 + Level 4.2 Spellcasting
 + Level 4.6 Ice Magic


You had 4 spell levels left.
You knew the following spells:

 Your Spells              Type           Power      Damage    Failure   Level
a - Freeze                Ice            100%       1d10      2%          1
b - Frozen Ramparts       Ice            60%        1d10      6%          3
c - Stone Arrow           Conj/Erth      10%        3d7       41%         3

Your spell library contained the following spells:

 Spells                   Type           Power      Damage    Failure   Level
 Ozocubu's Armour         Ice            30%        N/A       6%          3
 Sandblast                Erth           10%        2d5       14%         1
 Passwall                 Tmut/Erth      4%         N/A       22%         2
 Summon Ice Beast         Ice/Summ       18%        N/A       50%         4
 Anguish                  Hex/Necr       2%         N/A       82%         4
 Enfeeble                 Hex            2%         N/A       100%        7

Inventory:

Hand Weapons
 c - a +0 club (weapon) {mace}
   (You took it off a goblin on level 1 of the Dungeon)
Armour
 a - a +0 robe (worn)
Scrolls
 e - a scroll of teleportation {unknown}
 f - a scroll of enchant armour {unknown}
 k - 3 scrolls of identify {unknown}
 m - a scroll of enchant weapon {unknown}
 n - a scroll of acquirement {unknown}
 o - a scroll of blinking {unknown}
 p - a scroll of immolation {unknown}
 q - a scroll of fear {unknown}
Potions
 b - a potion of magic
 g - a potion of invisibility {unknown}
 h - a potion of lignification {unknown}
 i - a potion of attraction {unknown}
 l - a potion of might {unknown}

Dungeon Overview and Level Annotations

Branches:
Dungeon (3/15) Zot: 16059

Altars:

#..#..#....#..#
#....##....##.##
.?...$..........#
###...##......>.#
...............#
...#.##........# #
#.##.r......#
#.#(..#Y#######
.......@#.....#####
#..................
...............#.#.
...................
...........<...#.#.
...................
................###
................#
..............##


You could see an ice beast and a rat.


Message History

The spell is quite dangerous to miscast (8% risk of failure)!
Continue anyway?
Casting: Frozen Ramparts (quite dangerous; 8% risk of failure)
Press: ? - help, Dir - look around, f - activate The walls around you are covered in ice.
The wall freezes the scorpion. 😎 MP[-3]
You lost 3 mp, and now have 5/8 mp.
The wall freezes the scorpion but does no damage.
You freeze the scorpion.
The wall freezes the scorpion.
The scorpion stings you but does no damage.
The wall freezes the frilled lizard.
You kill the frilled lizard!
The wall freezes the scorpion.
The scorpion closely misses you. 😎 MP[-1]
You lost 1 mp, and now have 4/8 mp.
You freeze the scorpion.
The wall freezes the scorpion.
You kill the scorpion!
Your Spellcasting skill increases to level 4!
You have reached level 4! 😎 HP[+8] MP[-1]
You now have 39 max hp (+8).
Your hp is fully restored (39).
You start resting.
The frozen ramparts melt away. 😎 MP[+1]
You start resting. 😎 MP[+6]
Your mp is fully restored (10).
Casting: Freeze (safe; 2% risk of failure)
Confirm with . or Enter, or press ? or * to list all spells.
Okay, then.
This spell is quite dangerous to cast!
Memorise Stone Arrow, consuming 3 spell levels and leaving 4?
You start memorising the spell.
You continue memorising. x3
You finish memorising.
Spell assigned to 'c'.
Save game and exit? 🤖 Initializing magus.rc ...
Options error: Delay interrupt name "hungry" not recognised. (~/.crawlrc:4768) Bad monster_list_colour key: strict_neutral Bad channel name 'pray' for runrest: 'pray:' Options error: Missing colour in message_colour setting: 'that.*feels deathly cold' Options error: Missing colour in message_colour setting: 'mortal' Options error: Missing colour in message_colour setting: 'so you fail to move' Options error: Missing colour in message_colour setting: 'and you must be Full or above to equip it' Options error: Missing colour in message_colour setting: 'mortal' Options error: Missing colour in message_colour setting: 'saying\' Options error: Missing colour in message_colour setting: '\"No\' Options error: Missing colour in message_colour setting: 'no\' Options error: Missing colour in message_colour setting: 'no!\"' Options error: Missing colour in message_colour setting: 'but rights himself reflexively soon after' Options error: Missing colour in message_colour setting: 'before it is too late' Options error: Missing colour in message_colour setting: 'and clutches his wounds' Options error: Missing colour in message_colour setting: '\"What am I doing in here\?\"' Options error: Missing colour in message_colour setting: 'briefly' Options error: Missing colour in message_colour setting: 'now there\.\"' Options error: Missing colour in message_colour setting: 'my child' Options error: Missing colour in message_colour setting: 'mortal' Options error: Missing colour in message_colour setting: 'you see no one' Options error: Missing colour in message_colour setting: 'you\'re it!\"' Options error: Missing colour in message_colour setting: 'Boring in death\"' Options error: Missing colour in message_colour setting: 'baby\' Options error: Missing colour in message_colour setting: 'burn!\"' Options error: Missing colour in message_colour setting: 'mortal\.\"' Options error: Missing colour in message_colour setting: 'my child!\"' Options error: Missing colour in message_colour setting: 'this looks better\.\"' Options error: Missing colour in message_colour setting: 'my child!\"' Options error: Missing colour in message_colour setting: 'my (child|children)!\"' Options error: Missing colour in message_colour setting: 'stopping explore' ✅ Successfully initialized magus.rc [v1.9.6] Welcome back, MackTheKnife the Ogre Ice Elementalist.
Press ? for a list of commands and other information.
k - 3 scrolls labelled ZIKUELU DEAKYU (gained 1)
You now have 109 gold pieces (gained 8).
A rat and an ice beast come into view.
You aren't carrying any items that you can evoke.
Unknown command.
You pick up a book of Maledictions and begin reading...
You add the spells Anguish and Enfeeble to your library.
The rat attacks as you move away! The rat barely misses you.
The ice beast attacks as you move away! The ice beast hits you.
The ice beast freezes you! 😮 HP[-17]
You take 17 damage, and now have 22/39 hp.
MASSIVE DAMAGE!! (PAUSE)
The ice beast attacks as you move away! The ice beast hits you.
The ice beast freezes you.
* * * LOW HITPOINT WARNING * * *
😨 HP[-7]
You take 7 damage, and now have 15/39 hp.
Unknown command.
You aren't carrying any items that you can evoke.
Unknown command.
It was a potion of brilliance.
You feel clever all of a sudden. The ice beast misses you.
It was a potion of ambrosia.
You are confused.
You feel invigorated. The ice beast hits you.
* * * LOW HITPOINT WARNING * * *
The ice beast freezes you!
You die...

Skill      XL: |  1  2  3 |
---------------+----------+-----
Spellcasting   | 3 4 |  4.2
Ice Magic      | 4 |  4.6
Dodging        | |  1.7
Stealth        | |  1.4

Action                     |  1- 3 |  4- 6 || total
---------------------------+-------+-------++-------
  Melee: Club              |    30 |       ||    30
   Cast: Freeze            |    40 |       ||    40
         Frozen Ramparts   |     3 |       ||     3
    Use: Potion            |       |     2 ||     2
 Armour: Robe              |    26 |       ||    26
  Dodge: Dodged            |    31 |     2 ||    33

Levels and vault maps discovered:
D:1:      dpeg_arrival_tiny_f, layout_basic, roderic_three_in_a_row
D:2:      layout_loops_ring, minmay_quadrilaterals
D:3:      corexii_shack_village, layout_rooms, serial_glass, glass_columns_a,
          glass_columns_a

Notes
Turn   | Place    | Note
-------+----------+-------------------------------------------
     0 | D:1      | MackTheKnife the Ogre Ice Elementalist began the quest for
                  | the Orb.
     0 | D:1      | Reached XP level 1. HP: 16/16 MP: 3/3
     0 | D:1      | magus.rc [v1.9.6]
   154 | D:1      | You pick up a book of Geomancy and begin reading...
   154 | D:1      | You add the spells Sandblast, Passwall and Stone Arrow to
                  | your library.
   221 | D:1      | Reached XP level 2. HP: 24/24 MP: 1/5
   565 | D:1      | Reached skill level 3 in Spellcasting
   870 | D:2      | Reached skill level 4 in Ice Magic
   988 | D:2      | Reached XP level 3. HP: 31/31 MP: 5/7
   992 | D:2      | Learned a level 3 spell: Frozen Ramparts
  1840 | D:3      | Noticed a scorpion
  1846 | D:3      | Killed a scorpion
  1847 | D:3      | Reached skill level 4 in Spellcasting
  1847 | D:3      | Reached XP level 4. HP: 39/39 MP: 3/10
  1906 | D:3      | Learned a level 3 spell: Stone Arrow
  1906 | D:3      | magus.rc [v1.9.6]
  1916 | D:3      | Noticed an ice beast
  1918 | D:3      | You pick up a book of Maledictions and begin reading...
  1918 | D:3      | You add the spells Anguish and Enfeeble to your library.
  1931 | D:3      | Slain by an ice beast

Vanquished Creatures
  A scorpion (D:3)
  2 adders (D:2)
  A worm (D:2)
  5 bats
  2 endoplasms
  4 goblins
  2 hobgoblins (D:2)
  A jackal (D:2)
  2 quokkas (D:1)
  3 ball pythons
  2 frilled lizards
  A kobold (D:1)
  3 rats
29 creatures vanquished.

Table legend:
 A = Non-vault XP
 B = Vault XP
 C = Vault XP percentage of total XP
 D = Non-vault monster count
 E = Vault monster count
 F = Vault count percentage of total count
                 A         B        C        D         E       F
            +---------+---------+-------+---------+---------+-------
      Total |     126 |      27 |  17.6 |      22 |       7 |  24.1
            +---------+---------+-------+---------+---------+-------
        D:1 |      18 |       0 |   0.0 |      12 |       0 |   0.0
        D:2 |      24 |      27 |  52.9 |       8 |       7 |  46.7
        D:3 |      84 |       0 |   0.0 |       2 |       0 |   0.0
            +---------+---------+-------+---------+---------+-------

Skill      XL: |  1  2  3 |
---------------+----------+-----
Spellcasting   | 3 4 |  4.2
Ice Magic      | 4 |  4.6
Dodging        | |  1.7
Stealth        | |  1.4

Action                     |  1- 3 |  4- 6 || total
---------------------------+-------+-------++-------
  Melee: Club              |    30 |       ||    30
   Cast: Freeze            |    40 |       ||    40
         Frozen Ramparts   |     3 |       ||     3
    Use: Potion            |       |     2 ||     2
 Armour: Robe              |    26 |       ||    26
  Dodge: Dodged            |    31 |     2 ||    33

Illustrated notes

Table legend:
 A = Kills in this place as a percentage of kills in the entire game.
 B = Kills by you in this place as a percentage of kills by you in the entire game.
 C = Kills by friends in this place as a percentage of kills by friends in the entire game.
 D = Other kills in this place as a percentage of other kills in the entire game.
 E = Experience gained in this place as a percentage of experience gained in the entire game.
 F = Experience gained in this place divided by the number of levels of this place that you have seen.
                   A       B       C       D       E      F
               +-------+-------+-------+-------+-------+----------------------
         Total | 100.0 | 100.0 |   N/A |   N/A | 100.0 |  51.0
       Dungeon | 100.0 | 100.0 |   N/A |   N/A | 100.0 |  51.0
               +-------+-------+-------+-------+-------+----------------------

Table legend: (Time is in decaauts)
 A = Elapsed time spent in this place.
 B = Non-inter-level travel time spent in this place.
 C = Inter-level travel time spent in this place.
 D = Time resting spent in this place.
 E = Time spent auto-exploring this place.
 F = Levels seen in this place.
 G = Mean time per level.
                   A        B        C        D        E       F      G
               +--------+--------+--------+--------+--------+-----+--------+
         Total |   1939 |   1858 |     81 |    118 |   1485 |   3 |  646.3 |
       Dungeon |   1939 |   1858 |     81 |    118 |   1485 |   3 |  646.3 |
               +--------+--------+--------+--------+--------+-----+--------+

Top non-repeatable levels by time:
     D:2: 1019 daAuts
     D:1: 822 daAuts
     D:3: 97 daAuts
